 Dungeon Crawl Stone Soup version 0.30.0-29-ga12c61a403 (webtiles) character file.

Game seed: 3598266322589163576

15446 qw the Cleaver (level 12, -16/76 HPs)
             Began as a Gargoyle Fighter on June 3, 2023.
             Was a Priest of Okawaru.
             Killed from afar by an oklob plant (32 damage)
             ... with a splash of acid
             ... on level 2 of the Lair of Beasts.
             The game lasted 00:06:29 (12386 turns).

qw the Cleaver (Gargoyle Fighter)                  Turns: 12386, Time: 00:06:30

Health: -16/76     AC: 22    Str: 25    XL:     12   Next: 27%
Magic:  17/17      EV: 12    Int:  9    God:    Okawaru [***...]
Gold:   202        SH:  7    Dex: 17    Spells: 11/11 levels left

rFire   + . .        Y - +0 broad axe
rCold   . . .        c - +0 buckler
rNeg    + + .        g - +0 plate armour
rPois   inf          p - +2 helmet
rElec   +            (no cloak)
rCorr   .            q - +2 pair of gloves
SInv    .            e - +1 pair of boots
Will    .....        t - amulet "Wumax" {Faith Int+5} Stlth
                     b - ring of Dugin {rF+ rN+ Int-5 Dex+8}
HPRegen 0.32/turn    (no ring)
MPRegen 0.15/turn

%: faith
@: about to teleport, heroic, corroded
A: sickness immunity, AC +8, negative energy resistance 1, electricity
resistance, torment resistance 1, petrification resistance
a: Renounce Religion, Heroism


You were on level 2 of the Lair of Beasts.
You worshipped Okawaru.
Okawaru was most pleased with you.
You visited 2 branches of the dungeon, and saw 12 of its levels.
You also visited: Sewer.

You collected 636 gold pieces.
You spent 434 gold pieces at shops.


Innate Abilities, Weirdness & Mutations

You are immune to sickness and miasma.
Your stone body is resilient. (AC +8)
You are immune to poison.
You resist negative energy. (rN+)
You are resistant to electric shocks. (rElec)
You are resistant to unholy torment.
You are immune to petrification.


   Skills:
 - Level 9.1(14.1) Fighting
 - Level 12.1(17.1) Axes
 - Level 3.4(8.4) Throwing
 + Level 8.5(13.5) Armour
 - Level 4.4(9.4) Dodging
 - Level 5.0(10.0) Shields
 - Level 7.7 Invocations


You had 11 spell levels left.
You didn't know any spells.
Your spell library was empty.

Inventory:

Hand Weapons
 s - a +0 morningstar
 Y - a +0 broad axe (weapon)
Missiles
 o - 4 javelins (quivered)
Armour
 c - a +0 buckler (worn)
 e - a +1 pair of boots (worn)
 g - a +0 plate armour (worn)
 p - a +2 helmet (worn)
 q - a +2 pair of gloves (worn)
 v - a +4 scale mail of cold resistance
Jewellery
 b - the ring of Dugin (left hand) {rF+ rN+ Int-5 Dex+8}
   (You acquired it on level 1 of the Dungeon)

   [ring of protection from fire]

   Int:       It affects your intelligence (-5).
   Dex:       It affects your dexterity (+8).
   rF:        It protects you from fire.
   rN:        It protects you from negative energy.
 m - a ring of ice
 t - the amulet "Wumax" (around neck) {Faith Int+5}
   (You found it on level 1 of the Lair of Beasts)

   [amulet of faith]

   It allows you to gain divine favour quickly.
   Int:       It affects your intelligence (+5).
Scrolls
 a - 4 scrolls of identify
 h - 2 scrolls of teleportation
 w - a scroll of brand weapon {unknown}
 x - a scroll of summoning {unknown}
Potions
 d - a potion of might
 f - a potion of heal wounds
 i - 7 potions of haste
 j - 6 potions of attraction
 k - a potion of resistance
 l - 6 potions of curing
 n - a potion of lignification
 r - a potion of flight {unknown}
 u - 2 potions of cancellation

Dungeon Overview and Level Annotations

Branches:
Dungeon (10/15)            Temple (0/1) D:7            Lair (2/5) D:10
  Sewer (visited)
  Swamp: Lair:2-3    Shoals: Lair:2-3     Snake: Lair:2-3    Spider: Lair:2-3
    Orc: D:9-12

Altars:
Gozag
Kikubaaqudgha
Makhleb
Nemelex Xobeh
Okawaru
Qazlal
Uskayaw
Yredelemnul
The Shining One

Shops:
D:1 [   D:8 [   D:9 (

Annotations:
D:5 3 runed translucent doors, qw's ghost, novice GrFi
D:6 5 runed translucent doors, Crazy Yiuf


Message History

Enter note:
Enter note: You hit the oklob plant but do no damage.
You hit the oklob plant but do no damage.
You hit the oklob plant.
The oklob plant is lightly damaged.
You completely miss the oklob plant.
The oklob plant is lightly damaged.
You hit the oklob plant but do no damage.
The oklob plant is lightly damaged.
You slice the oklob plant!!
The oklob plant is heavily damaged.
You slash the oklob plant!
The oklob plant is heavily damaged.
The oklob plant spits acid at you. The splash of acid hits you!
You hit the oklob plant.
The oklob plant is severely damaged.
The oklob plant spits acid at you. You block the splash of acid.
You slash the oklob plant!
The oklob plant is severely damaged.
The oklob plant spits acid at you. The splash of acid hits you!
The acid corrodes you!
You hit the oklob plant but do no damage.
The oklob plant is severely damaged.
The oklob plant spits acid at you. The splash of acid hits you!
You hit the oklob plant but do no damage.
The oklob plant is severely damaged.
You hit the oklob plant.
The oklob plant is almost destroyed.
The oklob plant spits acid at you. The splash of acid hits you!
The acid corrodes you!
12386 ||| READING 3 scrolls of teleportation.
As you read the scroll of teleportation, it crumbles to dust.
You feel strangely unstable. The oklob plant spits acid at you.
The splash of acid hits you!!
You die...

.....# .....## # ...#..# .#
.....## #.# P...>.. ####..#
....... . ###.....####..
....... ...####.............#
....... ......P.............#
........ .......@............#
#....... ....$...............##
#.....P####.#.#...#...........#
.................?...........#
......#...........#..........#
......#...........#..........#
......................###.#..#
......#..............## ##...#
#.....#..............# ##..##


You could see an oklob plant.

Vanquished Creatures
  Fannar (Lair:1)
  A hydra (Lair:2)
  2 two-headed ogres (D:10)
  Pikel (D:6)
  3 black mambas (Lair:1)
  A torpor snail (Lair:1)
  4 cane toads
  A gargoyle (D:8)
  4 komodo dragons
  A troll (D:10)
  4 blink frogs (Lair:1)
  2 shadows
  14 yaks
  A wraith (D:6)
  A steam dragon (D:7)
  4 water moccasins
  Pargi (Sewer)
  3 ice beasts (D:6)
  3 sky beasts
  5 orc warriors
  A black bear (D:5)
  2 ogres
  6 centaurs
  A phantom (D:6)
  Blork the orc (D:4)
  3 kobold brigands
  10 bullfrogs
  A scorpion (D:5)
  6 wights
  11 killer bees (D:9)
  3 howler monkeys
  2 orc priests (D:6)
  2 hounds
  4 gnoll boudas
  A sleepcap (D:5)
  Ijyb (D:5)
  5 iguanas
  7 orc wizards
  Robin (D:5)
  16 gnolls
  13 adders
  2 river rats (D:5)
  2 shadow imps
  2 white imps
  2 ufetubi
  2 worms
  28 orcs
  6 bats
  8 endoplasms
  3 giant cockroaches
  7 goblins
  9 hobgoblins
  8 ball pythons
  9 frilled lizards
  24 kobolds
  15 rats
281 creatures vanquished.

Notes
Turn   | Place    | Note
-------+----------+-------------------------------------------
     0 | D:1      | qw the Gargoyle Fighter began the quest for the Orb.
     0 | D:1      | Reached XP level 1. HP: 14/14 MP: 1/1
     0 | D:1      | 0 ||| qw: Version: 0.2-a-103-g5a998e5
     0 | D:1      | 0 ||| qw: Game counter: 979
     0 | D:1      | 0 ||| qw: Always use a shield: true
     0 | D:1      | 0 ||| qw: God list: Okawaru
     0 | D:1      | 0 ||| qw: Allow faded altars: false
     0 | D:1      | 0 ||| qw: Do Orc after D:15 true
     0 | D:1      | 0 ||| qw: Do second Lair branch before Depths: true
     0 | D:1      | 0 ||| qw: Lair rune preference: random
     0 | D:1      | 0 ||| qw: Plans: Normal, Zot:1-4, Slime:5, God:TSO, Crypt,
                  | Tomb, Pan, Hells, Abyss, Win
     0 | D:1      | 0 ||| PLANNING D:1-11
    29 | D:1      | Found Ziss's Antique Armour Boutique.
    33 | D:1      | 33 ||| SHOPLISTING shiny ring mail (189 gold, have 0).
    79 | D:1      | 79 ||| Stepping ~*~*~tactically~*~*~ (stealth).
    91 | D:1      | Reached skill level 2 in Axes
    91 | D:1      | 91 ||| FLEEEEING.
    92 | D:1      | 92 ||| FLEEEEING.
    93 | D:1      | 93 ||| FLEEEEING.
   247 | D:1      | Reached XP level 2. HP: 19/19 MP: 2/2
   329 | D:1      | 329 ||| FLEEEEING.
   340 | D:1      | 340 ||| FLEEEEING.
   341 | D:1      | 341 ||| FLEEEEING.
   342 | D:1      | 342 ||| FLEEEEING.
   343 | D:1      | 343 ||| FLEEEEING.
   344 | D:1      | 344 ||| FLEEEEING.
   345 | D:1      | 345 ||| FLEEEEING.
   346 | D:1      | 346 ||| FLEEEEING.
   347 | D:1      | 347 ||| FLEEEEING.
   348 | D:1      | 348 ||| FLEEEEING.
   349 | D:1      | 349 ||| FLEEEEING.
   350 | D:1      | 350 ||| FLEEEEING.
   459 | D:1      | 459 ||| Stepping ~*~*~tactically~*~*~ (hiding).
   460 | D:1      | 460 ||| Stepping ~*~*~tactically~*~*~ (hiding).
   461 | D:1      | 461 ||| Stepping ~*~*~tactically~*~*~ (hiding).
   469 | D:1      | Reached skill level 3 in Axes
   649 | D:1      | Reached XP level 3. HP: 21/23 MP: 3/3
   697 | D:1      | 697 ||| DROPPING +0 club.
   886 | D:1      | 886 ||| UPGRADING to +0 chain mail.
   896 | D:1      | 896 ||| DROPPING +0 scale mail.
   897 | D:1      | 897 ||| READING 2 scrolls labelled XIMNEH FURCHAIS.
   898 | D:1      | 898 ||| READING scroll labelled KOICUP IFYXT.
   899 | D:1      | 899 ||| READING scroll labelled SOPLETOAZA.
   899 | D:1      | Identified a scroll of acquirement
   899 | D:1      | 899 ||| ACQUIRING ring of Dugin {rF+ rN+ Int-5 Dex+8}
   899 | D:1      | Acquired the ring of Dugin {rF+ rN+ Int-5 Dex+8}
   901 | D:1      | 901 ||| UPGRADING to ring of Dugin {rF+ rN+ Int-5 Dex+8}.
   902 | D:1      | 902 ||| READING scroll labelled EXA FEARRINOHE.
   903 | D:1      | 903 ||| READING scroll labelled HADABI OQUE.
   963 | D:2      | 963 ||| Stepping ~*~*~tactically~*~*~ (hiding).
  1203 | D:2      | Reached skill level 1 in Dodging
  1287 | D:2      | Reached skill level 1 in Throwing
  1287 | D:2      | Reached XP level 4. HP: 28/28 MP: 4/4
  1414 | D:2      | 1414 ||| READING scroll labelled XAIWIN NAHIT.
  1680 | D:2      | 1680 ||| Stepping ~*~*~tactically~*~*~ (hiding).
  1795 | D:2      | 1795 ||| READING scroll labelled NAUN IGAIKOHA.
  1896 | D:2      | 1896 ||| READING 2 scrolls of identify.
  1896 | D:2      | 1896 ||| IDENTIFYING yellow potion
  1925 | D:3      | 1925 ||| Stepping ~*~*~tactically~*~*~ (stealth).
  2096 | D:3      | 2096 ||| SWAPPING to +0 broad axe.
  2100 | D:3      | 2100 ||| DROPPING +1 war axe.
  2131 | D:3      | 2131 ||| Stepping ~*~*~tactically~*~*~ (stealth).
  2133 | D:3      | 2133 ||| Stepping ~*~*~tactically~*~*~ (hiding).
  2475 | D:3      | Reached XP level 5. HP: 32/32 MP: 5/5
  2484 | D:3      | 2484 ||| Stepping ~*~*~tactically~*~*~ (hiding).
  2495 | D:3      | Reached skill level 4 in Axes
  2778 | D:3      | 2778 ||| DROPPING scarf of invisibility.
  2844 | D:4      | Noticed Blork the orc
  2845 | D:4      | 2845 ||| Stepping ~*~*~tactically~*~*~ (hiding).
  2846 | D:4      | 2846 ||| Stepping ~*~*~tactically~*~*~ (hiding).
  2856 | D:4      | Killed Blork the orc
  3049 | D:4      | Found an opulent altar of Gozag.
  3055 | D:4      | Found a hide-covered altar of Uskayaw.
  3256 | D:4      | 3256 ||| Stepping ~*~*~tactically~*~*~ (stealth).
  3257 | D:4      | Found a basalt altar of Yredelemnul.
  3437 | D:4      | 3437 ||| UPGRADING to +2 helmet.
  3442 | D:4      | 3442 ||| DRINKING 3 dark potions.
  3443 | D:4      | 3443 ||| READING 3 scrolls of identify.
  3443 | D:4      | 3443 ||| IDENTIFYING sedimented blue potion
  3444 | D:4      | 3444 ||| READING 2 scrolls of identify.
  3444 | D:4      | 3444 ||| IDENTIFYING fuming sapphire potion
  3445 | D:4      | 3445 ||| DROPPING potion of invisibility.
  3481 | D:5      | Entered Level 5 of the Dungeon
  3482 | D:5      | 3482 ||| PLANNING SEWER
  3522 | D:5      | Reached skill level 5 in Axes
  3522 | D:5      | Reached XP level 6. HP: 35/37 MP: 6/6
  3561 | D:5      | 3561 ||| Stepping ~*~*~tactically~*~*~ (stealth).
  3563 | D:5      | 3563 ||| Stepping ~*~*~tactically~*~*~ (stealth).
  3700 | D:5      | Found a glowing drain.
  3701 | D:5      | 3701 ||| Stepping ~*~*~tactically~*~*~ (water).
  3715 | Sewer    | Entered a sewer
  3735 | Sewer    | Noticed Pargi
  3748 | Sewer    | Killed Pargi
  3921 | D:5      | 3921 ||| PLANNING D:1-11
  4014 | D:5      | 4014 ||| Stepping ~*~*~tactically~*~*~ (hiding).
  4015 | D:5      | 4015 ||| Stepping ~*~*~tactically~*~*~ (hiding).
  4016 | D:5      | 4016 ||| Stepping ~*~*~tactically~*~*~ (hiding).
  4017 | D:5      | 4017 ||| Stepping ~*~*~tactically~*~*~ (hiding).
  4018 | D:5      | 4018 ||| Stepping ~*~*~tactically~*~*~ (hiding).
  4019 | D:5      | 4019 ||| Stepping ~*~*~tactically~*~*~ (hiding).
  4021 | D:5      | 4021 ||| Stepping ~*~*~tactically~*~*~ (hiding).
  4063 | D:5      | Found a stormy altar of Qazlal.
  4108 | D:5      | Reached XP level 7. HP: 42/44 MP: 7/7
  4122 | D:5      | Found a glowing golden altar of the Shining One.
  4125 | D:5      | Found an iron altar of Okawaru.
  4126 | D:5      | 4126 ||| PLANNING OKAWARU WORSHIP
  4142 | D:5      | Became a worshipper of Warmaster Okawaru
  4142 | D:5      | 4142 ||| PLANNING D:1-11
  4325 | D:5      | Noticed qw's ghost (novice GrFi)
  4329 | D:5      | Found a runed translucent gate.
  4329 | D:5      | Found a runed translucent gate.
  4329 | D:5      | Found a runed translucent gate.
  4392 | D:5      | Noticed Ijyb
  4396 | D:5      | Killed Ijyb
  4397 | D:5      | Reached skill level 6 in Axes
  4430 | D:5      | 4430 ||| Stepping ~*~*~tactically~*~*~ (stealth).
  4780 | D:5      | Noticed Robin
  4785 | D:5      | Killed Robin
  4828 | D:5      | 4828 ||| UPGRADING to +0 pair of gloves.
  4833 | D:5      | 4833 ||| READING 2 scrolls of enchant armour.
  4833 | D:5      | 4833 ||| ENCHANTING +0 pair of gloves.
  4834 | D:5      | 4834 ||| READING scroll of enchant armour.
  4834 | D:5      | 4834 ||| ENCHANTING +1 pair of gloves.
  4871 | D:6      | 4871 ||| Stepping ~*~*~tactically~*~*~ (stealth).
  4872 | D:6      | 4872 ||| Stepping ~*~*~tactically~*~*~ (stealth).
  4891 | D:6      | Reached * piety under Okawaru
  4892 | D:6      | Reached skill level 7 in Axes
  4921 | D:6      | 4921 ||| DROPPING +0 mace.
  4946 | D:6      | 4946 ||| INVOKING Heroism.
  4954 | D:6      | Reached XP level 8. HP: 50/50 MP: 5/8
  5018 | D:6      | 5018 ||| Stepping ~*~*~tactically~*~*~ (hiding).
  5132 | D:6      | Noticed Pikel
  5133 | D:6      | 5133 ||| Stepping ~*~*~tactically~*~*~ (stealth).
  5135 | D:6      | 5135 ||| INVOKING Heroism.
  5142 | D:6      | Killed Pikel
  5146 | D:6      | Reached ** piety under Okawaru
  5147 | D:6      | Reached skill level 1 in Invocations
  5312 | D:6      | 5312 ||| Stepping ~*~*~tactically~*~*~ (hiding).
  5313 | D:6      | 5313 ||| Stepping ~*~*~tactically~*~*~ (hiding).
  5327 | D:6      | 5327 ||| Stepping ~*~*~tactically~*~*~ (stealth).
  5329 | D:6      | 5329 ||| Stepping ~*~*~tactically~*~*~ (stealth).
  5386 | D:6      | Reached XP level 9. HP: 54/54 MP: 9/11
  5403 | D:6      | 5403 ||| Stepping ~*~*~tactically~*~*~ (stealth).
  5404 | D:6      | 5404 ||| Stepping ~*~*~tactically~*~*~ (stealth).
  5411 | D:6      | Reached skill level 3 in Invocations
  5422 | D:6      | 5422 ||| Stepping ~*~*~tactically~*~*~ (hiding).
  5423 | D:6      | 5423 ||| Stepping ~*~*~tactically~*~*~ (hiding).
  5424 | D:6      | 5424 ||| Stepping ~*~*~tactically~*~*~ (hiding).
  5429 | D:6      | 5429 ||| INVOKING Heroism.
  5459 | D:6      | 5459 ||| FLEEEEING.
  5460 | D:6      | 5460 ||| FLEEEEING.
  5461 | D:6      | 5461 ||| FLEEEEING.
  5462 | D:6      | 5462 ||| FLEEEEING.
  5464 | D:6      | 5464 ||| FLEEEEING.
  5466 | D:6      | 5466 ||| FLEEEEING.
  5663 | D:6      | 5663 ||| Stepping ~*~*~tactically~*~*~ (stealth).
  5679 | D:6      | Reached skill level 8 in Axes
  5692 | D:6      | Found a large runed translucent door.
  5692 | D:6      | Found a large runed translucent door.
  5694 | D:6      | Found a large runed translucent door.
  5694 | D:6      | Found a large runed translucent door.
  5696 | D:6      | Noticed a cyclops
  5720 | D:6      | 5720 ||| Stepping ~*~*~tactically~*~*~ (hiding).
  5751 | D:6      | Reached skill level 6 in Fighting
  5935 | D:6      | Reached *** piety under Okawaru
  5938 | D:6      | 5938 ||| INVOKING Heroism.
  6024 | D:6      | 6024 ||| INVOKING Heroism.
  6028 | D:6      | Reached skill level 9 in Axes
  6178 | D:6      | 6178 ||| Stepping ~*~*~tactically~*~*~ (stealth).
  6193 | D:6      | 6193 ||| Stepping ~*~*~tactically~*~*~ (stealth).
  6200 | D:6      | 6200 ||| Stepping ~*~*~tactically~*~*~ (hiding).
  6204 | D:6      | 6204 ||| INVOKING Heroism.
  6213 | D:6      | 6213 ||| Stepping ~*~*~tactically~*~*~ (stealth).
  6407 | D:6      | Found a runed translucent door.
  6408 | D:6      | Noticed Crazy Yiuf
  6433 | D:6      | 6433 ||| Stepping ~*~*~tactically~*~*~ (hiding).
  6434 | D:6      | 6434 ||| Stepping ~*~*~tactically~*~*~ (hiding).
  6435 | D:6      | 6435 ||| Stepping ~*~*~tactically~*~*~ (hiding).
  6436 | D:6      | 6436 ||| INVOKING Heroism.
  6455 | D:6      | 6455 ||| Stepping ~*~*~tactically~*~*~ (stealth).
  6638 | D:6      | 6638 ||| UPGRADING to +4 scale mail of cold resistance.
  6648 | D:6      | 6648 ||| DROPPING +0 chain mail.
  6649 | D:6      | 6649 ||| DROPPING amulet of guardian spirit.
  6650 | D:6      | 6650 ||| READING scroll labelled ZOMELU ZU VAERA.
  6651 | D:6      | 6651 ||| READING scroll labelled ITY PEOCUOBE.
  6683 | D:6      | 6683 ||| READING scroll labelled EVVAWO ALAP.
  6684 | D:6      | 6684 ||| DRINKING 2 fuming pink potions.
  6757 | D:7      | 6757 ||| INVOKING Heroism.
  6760 | D:7      | 6760 ||| Stepping ~*~*~tactically~*~*~ (hiding).
  6769 | D:7      | Reached XP level 10. HP: 61/63 MP: 11/13
  6837 | D:7      | 6837 ||| Stepping ~*~*~tactically~*~*~ (stealth).
  6838 | D:7      | 6838 ||| Stepping ~*~*~tactically~*~*~ (stealth).
  6839 | D:7      | 6839 ||| Stepping ~*~*~tactically~*~*~ (stealth).
  6850 | D:7      | 6850 ||| INVOKING Heroism.
  6854 | D:7      | 6854 ||| Stepping ~*~*~tactically~*~*~ (hiding).
  6855 | D:7      | 6855 ||| Stepping ~*~*~tactically~*~*~ (hiding).
  6857 | D:7      | 6857 ||| Stepping ~*~*~tactically~*~*~ (hiding).
  6881 | D:7      | 6881 ||| DROPPING +0 flail.
  6981 | D:7      | Reached skill level 10 in Axes
  7005 | D:7      | Found a staircase to the Ecumenical Temple.
  7291 | D:7      | 7291 ||| READING scroll labelled IMUEFUYRID.
  7292 | D:7      | 7292 ||| READING 2 scrolls of identify.
  7292 | D:7      | 7292 ||| IDENTIFYING metallic puce potion
  7329 | D:8      | Found Juvaeciv's Specialty Armours.
  7500 | D:8      | Noticed a gargoyle
  7502 | D:8      | 7502 ||| INVOKING Heroism.
  7510 | D:8      | Killed a gargoyle
  7696 | D:8      | 7696 ||| INVOKING Heroism.
  7883 | D:8      | 7883 ||| Stepping ~*~*~tactically~*~*~ (hiding).
  7936 | D:8      | Identified the +1 robe of Floral Brilliance {Int+3}
  8078 | D:8      | 8078 ||| UPGRADING to +1 pair of boots.
  8083 | D:8      | 8083 ||| READING scroll labelled BETYME ZIDON.
  8155 | D:9      | 8155 ||| Stepping ~*~*~tactically~*~*~ (hiding).
  8194 | D:9      | 8194 ||| INVOKING Heroism.
  8323 | D:9      | 8323 ||| Stepping ~*~*~tactically~*~*~ (stealth).
  8389 | D:9      | 8389 ||| DROPPING +2 flail of protection.
  8402 | D:9      | Found a sparkling altar of Nemelex Xobeh.
  8611 | D:9      | Found an ancient bone altar of Kikubaaqudgha.
  8651 | D:9      | 8651 ||| INVOKING Heroism.
  8792 | D:9      | Found Xoisiexun's Weapon Boutique.
  8796 | D:9      | 8796 ||| UPGRADING to +0 plate armour.
  8806 | D:9      | 8806 ||| UPGRADING to amulet of faith.
  8811 | D:9      | 8811 ||| DRINKING 2 golden potions.
  8852 | D:9      | 8852 ||| READING 3 scrolls of identify.
  8852 | D:9      | 8852 ||| IDENTIFYING murky inky potion
  8853 | D:9      | 8853 ||| DROPPING potion of brilliance.
  8875 | D:10     | Entered Level 10 of the Dungeon
  8899 | D:10     | 8899 ||| FLEEEEING.
  8900 | D:10     | 8900 ||| FLEEEEING.
  8901 | D:10     | 8901 ||| FLEEEEING.
  8902 | D:10     | 8902 ||| FLEEEEING.
  8903 | D:10     | 8903 ||| INVOKING Heroism.
  8984 | D:10     | Noticed a two-headed ogre
  8985 | D:10     | 8985 ||| INVOKING Heroism.
  8993 | D:10     | Killed a two-headed ogre
  8994 | D:10     | Reached skill level 6 in Armour
  9047 | D:10     | Noticed a two-headed ogre
  9048 | D:10     | 9048 ||| INVOKING Heroism.
  9063 | D:10     | Killed a two-headed ogre
  9063 | D:10     | Reached **** piety under Okawaru
  9064 | D:10     | Reached XP level 11. HP: 26/68 MP: 12/14
  9323 | D:10     | Found Soepaff's Distillery.
  9364 | D:10     | 9364 ||| BUYING 2 potions of curing (84 gold).
  9364 | D:10     | Bought 2 potions of curing for 84 gold pieces
  9364 | D:10     | 9364 ||| BUYING potion of attraction (42 gold).
  9364 | D:10     | Bought a potion of attraction for 42 gold pieces
  9364 | D:10     | 9364 ||| BUYING potion of cancellation (112 gold).
  9364 | D:10     | Bought a potion of cancellation for 112 gold pieces
  9364 | D:10     | 9364 ||| BUYING potion of curing (42 gold).
  9364 | D:10     | Bought a potion of curing for 42 gold pieces
  9364 | D:10     | 9364 ||| BUYING potion of curing (42 gold).
  9364 | D:10     | Bought a potion of curing for 42 gold pieces
  9364 | D:10     | 9364 ||| BUYING potion of curing (42 gold).
  9364 | D:10     | Bought a potion of curing for 42 gold pieces
  9364 | D:10     | 9364 ||| BUYING potion of heal wounds (70 gold).
  9364 | D:10     | Bought a potion of heal wounds for 70 gold pieces
  9463 | D:10     | Found a burning altar of Makhleb.
  9484 | D:10     | Found a staircase to the Lair.
  9492 | D:10     | 9492 ||| INVOKING Heroism.
  9502 | D:10     | Received a gift from Okawaru
  9742 | D:10     | 9742 ||| Stepping ~*~*~tactically~*~*~ (stealth).
  9744 | D:10     | 9744 ||| INVOKING Heroism.
  9809 | D:10     | 9809 ||| Stepping ~*~*~tactically~*~*~ (hiding).
  9876 | D:10     | 9876 ||| PLANNING LAIR
  9876 | D:10     | 9876 ||| READING scroll labelled ZOIRAY FEATUPH.
  9881 | Lair:1   | Entered Level 1 of the Lair of Beasts
  9882 | Lair:1   | 9882 ||| INVOKING Heroism.
  9954 | Lair:1   | 9954 ||| INVOKING Heroism.
  9971 | Lair:1   | 9971 ||| INVOKING Heroism.
 10120 | Lair:1   | 10120 ||| INVOKING Heroism.
 10128 | Lair:1   | Reached skill level 3 in Throwing
 10212 | Lair:1   | 10212 ||| INVOKING Heroism.
 10220 | Lair:1   | Reached skill level 11 in Axes
 10223 | Lair:1   | Reached skill level 6 in Invocations
 10241 | Lair:1   | Identified the +2 dagger of Peril {freeze, rPois Str-3
                  | Stlth+}
 10260 | Lair:1   | 10260 ||| INVOKING Heroism.
 10394 | Lair:1   | 10394 ||| INVOKING Heroism.
 10400 | Lair:1   | Received a gift from Okawaru
 10413 | Lair:1   | Received a gift from Okawaru
 10414 | Lair:1   | Reached skill level 9 in Fighting
 10494 | Lair:1   | Identified the amulet "Wumax" {Faith Int+5}
 10518 | Lair:1   | 10518 ||| INVOKING Heroism.
 10656 | Lair:1   | Noticed Fannar
 10663 | Lair:1   | 10663 ||| INVOKING Heroism.
 10670 | Lair:1   | HP: 11/71 [Fannar/bolt of cold (21)]
 10671 | Lair:1   | 10671 ||| READING 6 scrolls of teleportation.
 10672 | Lair:1   | 10672 ||| DRINKING 4 potions of heal wounds.
 10891 | Lair:1   | 10891 ||| INVOKING Heroism.
 11000 | Lair:1   | 11000 ||| Stepping ~*~*~tactically~*~*~ (stealth).
 11001 | Lair:1   | 11001 ||| Stepping ~*~*~tactically~*~*~ (stealth).
 11003 | Lair:1   | 11003 ||| Stepping ~*~*~tactically~*~*~ (hiding).
 11014 | Lair:1   | 11014 ||| INVOKING Heroism.
 11016 | Lair:1   | HP: 14/71 [Fannar/staff of cold (10)]
 11017 | Lair:1   | 11017 ||| READING 5 scrolls of teleportation.
 11018 | Lair:1   | 11018 ||| DRINKING 3 potions of heal wounds.
 11051 | Lair:1   | 11051 ||| FLEEEEING.
 11052 | Lair:1   | 11052 ||| FLEEEEING.
 11053 | Lair:1   | 11053 ||| FLEEEEING.
 11054 | Lair:1   | 11054 ||| FLEEEEING.
 11055 | Lair:1   | 11055 ||| FLEEEEING.
 11056 | Lair:1   | 11056 ||| FLEEEEING.
 11057 | Lair:1   | 11057 ||| FLEEEEING.
 11058 | Lair:1   | 11058 ||| FLEEEEING.
 11059 | Lair:1   | 11059 ||| FLEEEEING.
 11060 | Lair:1   | 11060 ||| FLEEEEING.
 11061 | Lair:1   | 11061 ||| FLEEEEING.
 11062 | Lair:1   | 11062 ||| FLEEEEING.
 11063 | Lair:1   | 11063 ||| FLEEEEING.
 11064 | Lair:1   | 11064 ||| FLEEEEING.
 11065 | Lair:1   | 11065 ||| FLEEEEING.
 11066 | Lair:1   | 11066 ||| INVOKING Heroism.
 11211 | Lair:1   | 11211 ||| Stepping ~*~*~tactically~*~*~ (hiding).
 11219 | Lair:1   | 11219 ||| INVOKING Heroism.
 11221 | Lair:1   | HP: 16/71 [Fannar/staff of cold (6)]
 11222 | Lair:1   | 11222 ||| READING 4 scrolls of teleportation.
 11223 | Lair:1   | 11223 ||| DRINKING 2 potions of heal wounds.
 11273 | Lair:1   | 11273 ||| FLEEEEING.
 11276 | Lair:1   | 11276 ||| FLEEEEING.
 11277 | Lair:1   | 11277 ||| FLEEEEING.
 11278 | Lair:1   | 11278 ||| FLEEEEING.
 11301 | Lair:1   | 11301 ||| FLEEEEING.
 11309 | Lair:1   | 11309 ||| STAIRDANCE
 11381 | D:10     | 11381 ||| UPGRADING to amulet "Wumax" {Faith Int+5}.
 11391 | D:10     | 11391 ||| DROPPING amulet of faith.
 11415 | Lair:1   | 11415 ||| INVOKING Heroism.
 11425 | Lair:1   | Killed Fannar
 11426 | Lair:1   | Reached XP level 12. HP: 27/76 MP: 15/17
 11681 | Lair:2   | 11681 ||| STAIRDANCE
 11724 | Lair:2   | Noticed a five-headed hydra
 11725 | Lair:2   | 11725 ||| INVOKING Heroism.
 11729 | Lair:2   | 11729 ||| SWAPPING to +0 morningstar.
 11735 | Lair:2   | Killed a five-headed hydra
 11736 | Lair:2   | Reached skill level 12 in Axes
 11736 | Lair:2   | 11736 ||| SWAPPING to +0 broad axe.
 11962 | Lair:2   | 11962 ||| INVOKING Heroism.
 12367 | Lair:2   | 12367 ||| INVOKING Heroism.
 12385 | Lair:2   | HP: 16/76 [oklob plant/splash of acid (11)]
 12386 | Lair:2   | 12386 ||| READING 3 scrolls of teleportation.
 12386 | Lair:2   | Killed from afar by an oklob plant

Levels and vault maps discovered:
D:1:      giann_horns, layout_basic, serial_shops,
          nicolae_shop_pleasant_corner_grove, chequers_serial_rivers_small_b
D:2:      minmay_angry_zag, layout_basic
D:3:      layout_loops_ring, serial_bayou_lake_a
D:4:      layout_gridville, mainiacjoe_overflow_small_starburst,
          grunt_temple_overflow_open, uniq_blork_the_orc
D:5:      layout_cave_pods, kennysheep_mini, mainiacjoe_overflow_tiny_flanked,
          overflow_temple_1_default, portal_sewer_entry_e,
          gammafunk_ghost_split, nicolae_goblin_pals
D:6:      layout_basic, minmay_hollow_rounded_squares, uniq_pikel,
          uniq_crazy_yiuf_cottage
D:7:      layout_cave_pools, minmay_temple_entry_large_hall,
          serial_column_ruins, column_ruins_square_huge,
          column_ruins_square_medium, column_ruins_columns_T,
          column_ruins_open_medium_water, column_ruins_open_tiny,
          column_ruins_open_tiny, column_ruins_open_medium,
          hangedman_decor_riveting, minmay_door_square
D:8:      layout_loops_ring, nicolae_barding_shop
D:9:      layout_roguey, mainiacjoe_overflow_surrounded_room,
          overflow_temple_1_default, serial_shops, shop
D:10:     layout_basic, mainiacjoe_overflow_boulevard, david_lair_shrubbed,
          serial_shops, shop, grunt_ministairs_5
Lair:1:   layout_small_grid, grunt_megastairs_3, uniq_fannar
Lair:2:   layout_chaotic_city, kennysheep_rathole, lemuel_fruit_tree

Skill      XL: |  1  2  3  4  5  6  7  8  9 10 11 12 |
---------------+-------------------------------------+-----
Axes           | 2 3 5 7 9 10 11 12 | 12.1
Dodging        | 1 4 |  4.4
Throwing       | 1 3 |  3.4
Fighting       | 4 5 7 8 9 |  9.1
Invocations    | 2 4 7 |  7.7
Armour         | 4 7 8 |  8.5
Shields        | 4 5 |  5.0

Action                     |  1- 3 |  4- 6 |  7- 9 | 10-12 || total
---------------------------+-------+-------+-------+-------++-------
  Melee: War axe           |    98 |    30 |       |       ||   128
         Broad axe         |       |   135 |   291 |   452 ||   878
         Morningstar       |       |       |       |     6 ||     6
  Throw: Javelin           |       |     6 |       |    24 ||    30
         Boomerang         |       |       |       |    26 ||    26
 Invoke: Heroism           |       |       |     8 |    27 ||    35
    Use: Scroll            |     5 |     5 |     5 |     9 ||    24
         Potion            |       |     1 |     1 |     4 ||     6
 Armour: Scale mail        |    28 |       |    12 |   106 ||   146
         Chain mail        |    30 |    80 |   138 |       ||   248
         Plate armour      |       |       |       |   206 ||   206
  Dodge: Dodged            |    30 |    54 |   110 |   258 ||   452
  Block: Buckler           |    10 |    35 |    60 |   146 ||   251

Table legend:
 A = Non-vault XP
 B = Vault XP
 C = Vault XP percentage of total XP
 D = Non-vault monster count
 E = Vault monster count
 F = Vault count percentage of total count
                 A         B        C        D         E       F
            +---------+---------+-------+---------+---------+-------
      Total |   18173 |    3893 |  17.6 |     237 |      44 |  15.7
            +---------+---------+-------+---------+---------+-------
        D:1 |      36 |       0 |   0.0 |      24 |       0 |   0.0
        D:2 |      62 |      15 |  19.5 |      16 |       2 |  11.1
        D:3 |      58 |       0 |   0.0 |      23 |       0 |   0.0
        D:4 |      18 |      96 |  84.2 |       4 |       1 |  20.0
        D:5 |     520 |     100 |  16.1 |      11 |      16 |  59.3
        D:6 |    1748 |    1558 |  47.1 |      43 |      11 |  20.4
        D:7 |    1102 |       0 |   0.0 |      28 |       0 |   0.0
        D:8 |    1071 |     106 |   9.0 |      17 |       1 |   5.6
        D:9 |    1239 |       0 |   0.0 |      20 |       0 |   0.0
       D:10 |    2737 |     504 |  15.6 |      15 |       2 |  11.8
     Lair:1 |    6846 |    1343 |  16.4 |      26 |       2 |   7.1
     Lair:2 |    2736 |       0 |   0.0 |      10 |       0 |   0.0
      Sewer |       0 |     171 | 100.0 |       0 |       9 | 100.0
            +---------+---------+-------+---------+---------+-------
